 Dungeon Crawl Stone Soup version 0.21-a0-265-gb353147 (webtiles) character file.

23 Monsterracer the Covered (level 2, -2/27 HPs)
             Began as a Deep Dwarf Fighter on Sept 12, 2017.
             Slain by a gnoll
             ... wielding a +0 halberd
              (8 damage)
             ... on level 1 of the Dungeon.
             The game lasted 00:00:45 (359 turns).

Monsterracer the Covered (Deep Dwarf Fighter)        Turns: 359, Time: 00:00:46

Health: -2/27      AC:  9    Str: 19    XL:     2   Next: 72%
Magic:  2/2        EV:  8    Int:  8    God:
Gold:   47         SH:  9    Dex: 12    Spells: 1/1 levels left

rFire    . . .     SeeInvis .   a - +0 war axe
rCold    . . .     Gourm    .   c - +0 shield
rNeg     . . .     Faith    .   b - +1 scale mail
rPois    .         Spirit   .   (no helmet)
rElec    .         Reflect  .   (no cloak)
rCorr    .         Harm     .   j - +0 pair of gloves
MR       .....                  (no boots)
Stlth    ..........             h - amulet of inaccuracy (curse)
HPRegen  0.00/turn              (no ring)
MPRegen  0.08/turn              (no ring)

@: non-regenerating
A: damage resistance, heal wounds, sense surroundings 1, no regeneration
a: Heal Wounds


You were on level 1 of the Dungeon.
You were not hungry.

You visited 1 branch of the dungeon, and saw 1 of its levels.

You collected 47 gold pieces.

Inventory:

Hand Weapons
 a - a +0 war axe (weapon)
Armour
 b - a +1 scale mail (worn)
 c - a +0 shield (worn)
 j - a +0 pair of gloves (worn)
Jewellery
 h - a cursed amulet of inaccuracy (around neck)
Scrolls
 e - a scroll of blinking
 i - a scroll of teleportation {unknown}
Potions
 d - 2 potions of might
 k - a potion of brilliance {unknown}
 l - a potion of lignification {unknown}
Comestibles
 f - a bread ration
 g - 4 fruits


   Skills:
 * Level 2.8 Fighting
 * Level 2.4 Axes
 + Level 3.5 Armour
 + Level 1.3 Dodging
 + Level 3.5 Shields


You had one spell level left.
You didn't know any spells.

Dungeon Overview and Level Annotations

Branches:
Dungeon (1/15)

Altars:
Xom


Innate Abilities, Weirdness & Mutations

You are resistant to damage.
You can heal yourself by infusing magical energy.
You passively map a small area around you.
You do not regenerate.


Message History

The gnoll is heavily wounded.
You barely miss the dart slug. The bat closely misses you.
The gnoll hits you with a halberd!
* * * LOW HITPOINT WARNING * * *
You block the dart slug's attack.
Huge Dmg: -26%(-7hp) hp: 26%(7hp)
You miss the gnoll.
The gnoll is heavily wounded.
You hit the dart slug. The bat barely misses you.
The gnoll hits you with a halberd.
* * * LOW HITPOINT WARNING * * *
The dart slug bites you but does no damage.
Damage: -3%(-1hp) hp: 23%(6hp) Unknown command.
You miss the gnoll.
The gnoll is heavily wounded.
You slash the dart slug!
You kill the dart slug!
The bat barely misses you. The gnoll hits you with a halberd!
You die...

#...# #. ...####.# , ,
#...## * ##.# ###.# ,, ,
#####. , , .. #.>.. #.* *
... #.... #. ..#* #....
.## *#. ..# ##### *
....##.######.# #######
.......)......####......
* ..##g@...........#####
......b..............##.
,....#######.#####..#....
,..., ###..# ##...... ,.
###...## ######. , ,,
,##...#########...... ,
#..###.........##### * **
#.####.######### #......#


You could see a gnoll and a bat.

Vanquished Creatures
  3 dart slugs (D:1)
  A leopard gecko (D:1)
  4 bats (D:1)
  A giant cockroach (D:1)
  2 goblins (D:1)
  A hobgoblin (D:1)
  A ball python (D:1)
  A kobold (D:1)
  A rat (D:1)
15 creatures vanquished.

Notes
Turn   | Place    | Note
-------+----------+-------------------------------------------
     0 | D:1      | Monsterracer the Deep Dwarf Fighter began the quest for the Orb.
     0 | D:1      | Reached XP level 1. HP: 20/20 MP: 1/1
    60 | D:1      | Found a shimmering altar of Xom.
   167 | D:1      | Reached XP level 2. HP: 27/27 MP: 2/2
   273 | D:1      | Reached skill level 1 in Dodging
   357 | D:1      | HP: 7/27 [gnoll/halberd (7)]
   359 | D:1      | Slain by a gnoll

Vault maps used:
D:1:      dpeg_arrival_long_road, xom_teletrap_fun

Skill      XL: |  1  2 |
---------------+-------+-----
Dodging        | 1 |  1.3
Fighting       | |  2.8
Axes           | |  2.4
Armour         | |  3.5
Shields        | |  3.5

Action                   || total
-------------------------++-------
Melee: War axe           ||    49
  Use: Scroll            ||     2
Armor: Scale mail        ||    29
Dodge: Dodged            ||    23
Block: Shield            ||    37

Table legend:
 A = Spawn XP
 B = Non-spawn XP
 C = Spawn XP percentage of total XP
 D = Spawn monster count
 E = Non-spawn monster count
 F = Spawn count percentage of total count
 G = Total turns spent on level
                    A         B        C        D         E        F      G
               +---------+---------+-------+---------+---------+-------+---------
         Total |       0 |      33 |   0.0 |       0 |      15 |   0.0 |   359
               +---------+---------+-------+---------+---------+-------+---------
           D:1 |       0 |      33 |   0.0 |       0 |      15 |   0.0 |   359
               +---------+---------+-------+---------+---------+-------+---------
